[ AOE2 MATCH · #507102010 ]
UnrankedBohemians vs Khmer
Player's team · WIN
Rival team · LOSS
[ REPLAY ANALYSIS · EXTRACTED FROM THE RECORDED GAME ]
Feudal
11:06
Castle
16:44
Imperial
—
| APM avg | 20.4 |
| APM peak | 49 |
| eAPM avg | 12.8 |
| Villagers / military | 37 / 17 |
Focus
⚔️ 27.0% · 🌾 73.0%
Spearman ×9 · Hussite Wagon ×6 · Monk ×1 · Mangonel ×1
Feudal
8:53
Castle
20:46
Imperial
—
| APM avg | 38.2 |
| APM peak | 78 |
| eAPM avg | 14.2 |
| Villagers / military | 70 / 25 |
Focus
⚔️ 20.7% · 🌾 79.3%
Archer ×15 · Scout Cavalry ×10
Match map
Initial resources + every placement click. Lines = walls · curves = elevation contours. ◆ gold · ⬟ stone · ● berries · ✦ relic · ◌ wall gap
Your base· Open — 1t gap
No se jugar's base· Open — unwalled flank
Smoothed initial terrain · ◌ = detected wall gap · hover for details
Inputs per minute
— leonardodsg2012 - - No se jugar
Build order — leonardodsg2012
117 actions detected in the replay
| 0:00 | Queue | Villager (Male) |
| 0:01 | Queue | Villager (Male) |
| 0:01 | Queue | Villager (Male) |
| 0:02 | Build | House |
| 0:03 | Build | House |
| 0:08 | Queue | Villager (Male) |
| 1:32 | Queue | Villager (Male) |
| 1:58 | Queue | Villager (Male) |
| 2:12 | Build | Lumber Camp |
| 2:23 | Queue | Villager (Male) |
| 2:44 | Queue | Villager (Male) |
| 3:08 | Queue | Villager (Male) |
| 3:37 | Build | Palisade Wall |
| 3:38 | Build | Palisade Wall |
| 3:52 | Queue | Villager (Male) |
| 3:52 | Queue | Villager (Male) |
| 4:14 | Queue | Villager (Male) |
| 4:26 | Build | House |
| 4:54 | Queue | Villager (Male) |
| 5:11 | Queue | Villager (Male) |
| 5:25 | Build | Palisade Wall |
| 5:33 | Queue | Villager (Male) |
| 5:45 | Build | House |
| 5:53 | Queue | Villager (Male) |
| 6:04 | Build | House |
| 6:11 | Queue | Villager (Male) |
| 6:25 | Queue | Villager (Male) |
| 6:50 | Build | Mill |
| 6:52 | Queue | Villager (Male) |
| 7:10 | Build | Palisade Wall |
| 8:06 | Queue | Villager (Male) |
| 8:10 | Queue | Villager (Male) |
| 8:10 | Research | Loom |
| 8:14 | Build | Palisade Wall |
| 8:19 | Build | Palisade Wall |
| 8:26 | Build | Palisade Wall |
| 8:33 | Research | Feudal Age |
| 8:55 | Build | Palisade Wall |
| 9:35 | Build | Mining Camp |
| 11:06 | Age | Feudal Age |
| 11:14 | Build | Market |
| 11:17 | Queue | Villager (Male) |
| 11:18 | Queue | Villager (Male) |
| 11:59 | Build | House |
| 12:01 | Build | House |
| 12:03 | Build | Palisade Wall |
| 12:10 | Build | Palisade Gate |
| 12:22 | Build | Blacksmith |
| 12:25 | Build | Palisade Wall |
| 12:26 | Build | Palisade Wall |
| 12:39 | Build | Palisade Wall |
| 12:45 | Build | Stone Wall |
| 12:48 | Queue | Villager (Male) |
| 12:49 | Queue | Villager (Male) |
| 13:09 | Build | Mining Camp |
| 13:21 | Build | Stone Wall |
| 13:22 | Build | Stone Wall |
| 13:28 | Build | Stone Wall |
| 13:51 | Build | Stone Wall |
| 14:04 | Research | Castle Age |
| 14:20 | Build | Farm |
| 14:38 | Build | Watch Tower |
| 14:46 | Build | Stone Wall |
| 14:58 | Research | Loom |
| 15:04 | Build | Stone Wall |
| 15:08 | Build | Farm |
| 15:09 | Build | Farm |
| 15:13 | Build | Farm |
| 15:20 | Build | Farm |
| 15:44 | Build | Stone Wall |
| 15:46 | Build | Stone Wall |
| 16:44 | Age | Castle Age |
| 17:12 | Queue | Villager (Male) |
| 17:13 | Queue | Villager (Male) |
| 17:29 | Build | Castle |
| 17:58 | Queue | Villager (Male) |
| 18:06 | Research | Double-Bit Axe |
| 18:25 | Queue | Villager (Male) |
| 18:41 | Queue | Hussite Wagon |
| 19:00 | Queue | Hussite Wagon |
| 19:08 | Build | Farm |
| 19:10 | Build | Farm |
| 19:17 | Queue | Hussite Wagon |
| 19:22 | Queue | Villager (Male) |
| 19:50 | Build | Outpost |
| 19:55 | Queue | Hussite Wagon |
| 20:06 | Queue | Villager (Male) |
| 20:35 | Build | Barracks |
| 20:41 | Queue | Villager (Male) |
| 20:49 | Build | House |
| 21:13 | Research | Scale Mail Armor |
| 21:17 | Build | Barracks |
| 21:24 | Research | Pikeman (upgrade) |
| 21:36 | Queue | Hussite Wagon |
| 21:37 | Queue | Villager (Male) |
| 21:53 | Queue | Spearman |
| 21:53 | Queue | Spearman |
| 22:09 | Queue | Villager (Male) |
| 22:14 | Build | Farm |
| 22:20 | Build | Farm |
| 22:26 | Queue | Spearman |
| 22:33 | Queue | Spearman |
| 22:45 | Queue | Villager (Male) |
| 22:46 | Queue | Villager (Male) |
| 22:51 | Build | Siege Workshop |
| 23:02 | Build | Farm |
| 23:13 | Queue | Hussite Wagon |
| 23:18 | Queue | Spearman |
| 23:18 | Queue | Spearman |
| 23:31 | Build | House |
| 23:37 | Queue | Mangonel |
| 23:42 | Queue | Villager (Male) |
| 24:01 | Build | Monastery |
| 24:06 | Queue | Spearman |
| 24:51 | Queue | Monk |
| 24:54 | Queue | Spearman |
| 24:54 | Queue | Spearman |
Build order — No se jugar
First 150 of 181 actions detected
| 0:00 | Queue | Villager (Male) |
| 0:00 | Queue | Villager (Male) |
| 0:00 | Queue | Villager (Male) |
| 0:01 | Queue | Villager (Male) |
| 0:01 | Queue | Villager (Male) |
| 0:03 | Build | House |
| 0:05 | Build | House |
| 1:32 | Queue | Villager (Male) |
| 1:33 | Queue | Villager (Male) |
| 1:42 | Queue | Villager (Male) |
| 1:42 | Queue | Villager (Male) |
| 1:42 | Queue | Villager (Male) |
| 2:08 | Build | Lumber Camp |
| 2:11 | Queue | Villager (Male) |
| 2:12 | Queue | Villager (Male) |
| 2:12 | Queue | Villager (Male) |
| 2:30 | Queue | Villager (Male) |
| 2:30 | Queue | Villager (Male) |
| 3:12 | Queue | Villager (Male) |
| 3:12 | Queue | Villager (Male) |
| 3:12 | Queue | Villager (Male) |
| 3:12 | Queue | Villager (Male) |
| 3:40 | Queue | Villager (Male) |
| 3:40 | Queue | Villager (Male) |
| 3:40 | Queue | Villager (Male) |
| 3:55 | Build | House |
| 3:58 | Build | House |
| 4:05 | Queue | Villager (Male) |
| 4:05 | Queue | Villager (Male) |
| 4:05 | Queue | Villager (Male) |
| 4:05 | Queue | Villager (Male) |
| 4:27 | Queue | Villager (Male) |
| 4:27 | Queue | Villager (Male) |
| 4:28 | Queue | Villager (Male) |
| 4:33 | Build | Mill |
| 4:48 | Queue | Villager (Male) |
| 4:48 | Queue | Villager (Male) |
| 4:48 | Queue | Villager (Male) |
| 5:27 | Queue | Villager (Male) |
| 5:27 | Queue | Villager (Male) |
| 5:45 | Research | Loom |
| 6:43 | Research | Feudal Age |
| 6:44 | Research | Feudal Age |
| 7:26 | Build | House |
| 7:28 | Build | House |
| 7:29 | Build | Palisade Wall |
| 7:39 | Queue | Villager (Male) |
| 7:39 | Queue | Villager (Male) |
| 8:36 | Build | Farm |
| 8:53 | Age | Feudal Age |
| 9:02 | Build | Stable |
| 9:15 | Research | Double-Bit Axe |
| 9:31 | Queue | Villager (Male) |
| 9:31 | Queue | Villager (Male) |
| 9:48 | Build | House |
| 9:54 | Queue | Scout Cavalry |
| 9:54 | Queue | Scout Cavalry |
| 9:54 | Queue | Scout Cavalry |
| 9:54 | Queue | Scout Cavalry |
| 10:05 | Queue | Villager (Male) |
| 10:25 | Build | Mill |
| 10:37 | Build | Farm |
| 10:41 | Queue | Villager (Male) |
| 10:41 | Queue | Villager (Male) |
| 10:57 | Build | Farm |
| 11:20 | Build | House |
| 11:23 | Build | Palisade Wall |
| 11:35 | Queue | Scout Cavalry |
| 11:37 | Queue | Villager (Male) |
| 11:37 | Queue | Villager (Male) |
| 11:40 | Build | Farm |
| 12:16 | Build | Archery Range |
| 12:18 | Queue | Villager (Male) |
| 12:18 | Queue | Villager (Male) |
| 12:19 | Queue | Villager (Male) |
| 12:19 | Queue | Villager (Male) |
| 12:44 | Build | Mining Camp |
| 12:47 | Queue | Villager (Male) |
| 12:47 | Queue | Villager (Male) |
| 13:18 | Queue | Villager (Male) |
| 13:40 | Build | Farm |
| 13:44 | Queue | Villager (Male) |
| 13:44 | Queue | Villager (Male) |
| 13:57 | Build | Watch Tower |
| 14:06 | Queue | Archer |
| 14:06 | Queue | Archer |
| 14:06 | Queue | Archer |
| 14:07 | Queue | Archer |
| 14:15 | Build | Farm |
| 14:16 | Build | Farm |
| 14:20 | Queue | Villager (Male) |
| 14:21 | Queue | Villager (Male) |
| 14:24 | Build | Blacksmith |
| 14:25 | Build | House |
| 14:58 | Build | Watch Tower |
| 15:17 | Build | Farm |
| 15:19 | Queue | Villager (Male) |
| 15:20 | Queue | Villager (Male) |
| 15:46 | Queue | Archer |
| 15:46 | Queue | Archer |
| 15:46 | Queue | Archer |
| 15:46 | Queue | Archer |
| 15:46 | Queue | Archer |
| 15:58 | Queue | Villager (Male) |
| 15:58 | Queue | Villager (Male) |
| 16:09 | Build | Market |
| 16:34 | Build | Watch Tower |
| 16:59 | Queue | Archer |
| 16:59 | Queue | Archer |
| 16:59 | Queue | Archer |
| 16:59 | Queue | Archer |
| 17:00 | Queue | Archer |
| 17:00 | Queue | Archer |
| 17:19 | Build | House |
| 17:29 | Build | House |
| 17:29 | Build | House |
| 17:31 | Build | House |
| 18:06 | Research | Castle Age |
| 18:34 | Build | Farm |
| 18:34 | Build | Farm |
| 18:35 | Build | Farm |
| 18:35 | Build | Farm |
| 18:35 | Build | Farm |
| 18:38 | Queue | Villager (Male) |
| 18:43 | Build | Farm |
| 19:00 | Build | House |
| 19:00 | Build | House |
| 19:01 | Build | House |
| 19:08 | Research | Forging |
| 19:25 | Build | Farm |
| 19:27 | Queue | Villager (Male) |
| 19:27 | Queue | Villager (Male) |
| 19:58 | Research | Scale Barding Armor |
| 20:04 | Build | Farm |
| 20:07 | Build | Farm |
| 20:09 | Build | Farm |
| 20:13 | Build | Farm |
| 20:16 | Research | Gold Mining |
| 20:30 | Research | Horse Collar |
| 20:38 | Build | Farm |
| 20:41 | Queue | Villager (Male) |
| 20:41 | Queue | Villager (Male) |
| 20:46 | Age | Castle Age |
| 20:47 | Build | Farm |
| 21:00 | Research | Light Cavalry (upgrade) |
| 21:12 | Build | Outpost |
| 21:15 | Build | Outpost |
| 21:27 | Research | Bloodlines |
| 21:51 | Build | Mining Camp |
| 21:54 | Queue | Villager (Male) |
Match timeline
| 3:37 | leonardodsg2012 · wall_segment Palisade Wall x5 |
| 3:38 | leonardodsg2012 · wall_segment Palisade Wall x2 |
| 5:25 | leonardodsg2012 · wall_segment Palisade Wall x8 |
| 7:10 | leonardodsg2012 · wall_segment Palisade Wall x4 |
| 7:29 | No se jugar · wall_segment Palisade Wall x5 |
| 8:14 | leonardodsg2012 · wall_segment Palisade Wall x3 |
| 8:19 | leonardodsg2012 · wall_segment Palisade Wall x5 |
| 8:26 | leonardodsg2012 · wall_segment Palisade Wall x10 |
| 8:53 | No se jugar · age_up feudal |
| 8:55 | leonardodsg2012 · wall_segment Palisade Wall x3 |
| 9:02 | No se jugar · first_building Stable |
| 11:06 | leonardodsg2012 · age_up feudal |
| 11:23 | No se jugar · wall_segment Palisade Wall x13 |
| 12:03 | leonardodsg2012 · wall_segment Palisade Wall x1 |
| 12:16 | No se jugar · first_building Archery Range |
| 12:25 | leonardodsg2012 · wall_segment Palisade Wall x1 |
| 12:26 | leonardodsg2012 · wall_segment Palisade Wall x2 |
| 12:39 | leonardodsg2012 · wall_segment Palisade Wall x3 |
| 12:45 | leonardodsg2012 · wall_segment Stone Wall x3 |
| 13:21 | leonardodsg2012 · wall_segment Stone Wall x1 |
| 13:22 | leonardodsg2012 · wall_segment Stone Wall x1 |
| 13:28 | leonardodsg2012 · wall_segment Stone Wall x1 |
| 13:51 | leonardodsg2012 · wall_segment Stone Wall x3 |
| 14:46 | leonardodsg2012 · wall_segment Stone Wall x4 |
| 15:04 | leonardodsg2012 · wall_segment Stone Wall x2 |
| 15:44 | leonardodsg2012 · wall_segment Stone Wall x10 |
| 15:46 | leonardodsg2012 · wall_segment Stone Wall x2 |
| 16:44 | leonardodsg2012 · age_up castle |
| 17:29 | leonardodsg2012 · first_building Castle |
| 17:37 | No se jugar · first_market_sell 100 wood |
| 17:48 | No se jugar · first_market_buy 100 food |
| 20:35 | leonardodsg2012 · first_building Barracks |
| 20:46 | No se jugar · age_up castle |
| 21:11 | leonardodsg2012 · first_market_buy 100 food |
| 22:51 | leonardodsg2012 · first_building Siege Workshop |
| 24:01 | leonardodsg2012 · first_building Monastery |
| 25:03 | No se jugar · resign |
[ AI ANALYSIS · 1 CREDIT ]
What really happened in this match?
Wolo.gg analyzes every decision: build order, eco, micro, common mistakes by bracket. Personalized analysis on WhatsApp or Discord in 30 seconds.
Civ guide
Bohemians
Perfil
leonardodsg2012